 Dungeon Crawl Stone Soup version 0.19.4 (webtiles) character file.

165 empire the Cutter (level 5, -3/41 HPs)
             Began as a Demonspawn Monk on Feb 3, 2017.
             Slain by Crazy Yiuf
             ... wielding a +4 quarterstaff of chaos
              (7 damage)
             ... on level 2 of the Dungeon.
             The game lasted 00:03:27 (2853 turns).

empire the Cutter (Demonspawn Monk)                 Turns: 2853, Time: 00:03:27

Health: -3/41      AC:  3    Str: 11    XL:     5   Next: 21%
Magic:  0/5        EV: 18    Int: 12    God:
Gold:   58         SH:  0    Dex: 21    Spells: 0 memorised, 4 levels left

rFire  . . .     SeeInvis .     b - +1 dagger (venom)
rCold  . . .     Gourm    .     e - +0 robe
rNeg   . . .     Faith    .     (no shield)
rPois  .         Spirit   +     (no helmet)
rElec  .         Reflect  .     (no cloak)
rCorr  .         Harm     .     d - +0 pair of gloves
MR     .....                    (no boots)
Stlth  +++++.....               (no amulet)
                                (no ring)
                                (no ring)

@: agile
A: hooves 1, nightstalker 1, magic shield
a: no special abilities


You were on level 2 of the Dungeon.
You were not hungry.

You visited 1 branch of the dungeon, and saw 2 of its levels.

You collected 58 gold pieces.

Inventory:

Hand Weapons
 a - a +0 short sword
 b - a +1 dagger of venom (weapon)
Armour
 d - a +0 pair of gloves (worn)
 e - a +0 robe (worn)
Jewellery
 q - a +2 ring of evasion {unknown}
Scrolls
 j - a scroll of enchant armour {unknown}
 k - 2 scrolls of identify {unknown}
 l - a scroll of fog {unknown}
 n - a scroll of random uselessness {unknown}
Potions
 f - a potion of curing
 g - a potion of cure mutation {unknown}
 h - a potion of might {unknown}
 i - a potion of magic {unknown}
 o - a potion of agility
 p - a potion of degeneration {unknown}
Comestibles
 c - 5 bread rations
 m - a beef jerky


   Skills:
 - Level 3.0 Fighting
 + Level 4.2 Short Blades
 - Level 2.6 Dodging
 + Level 4.0 Stealth


You had 4 spell levels left.
You didn't know any spells.

Dungeon Overview and Level Annotations

Branches:
Dungeon (2/15)

Altars:

Annotations:
D:2 Crazy Yiuf


Innate Abilities, Weirdness & Mutations

You have large cloven feet.
You are slightly more attuned to the shadows.
When hurt, damage is shared between your health and your magic reserves.


Message History

Crazy Yiuf barely misses you.
You hit Crazy Yiuf.
Crazy Yiuf looks as sick as possible!
Crazy Yiuf is lightly wounded.
Crazy Yiuf hits you with a quarterstaff of chaos.
You are poisoned.
You barely miss Crazy Yiuf.
Crazy Yiuf is moderately wounded.
You feel sick.
Crazy Yiuf hits you with a quarterstaff of chaos!
* * * LOW HITPOINT WARNING * * *
You are electrocuted!
* * * LOW HITPOINT WARNING * * *
It was a potion of curing.
You feel better. Crazy Yiuf barely misses you.
Crazy Yiuf hits you with a quarterstaff of chaos!
* * * LOW HITPOINT WARNING * * *
Crazy Yiuf hits you but does no damage.
It was a potion of agility.
You feel agile all of a sudden.
Crazy Yiuf hits you with a quarterstaff of chaos!
You die...

#.# #........# #.#
#.)......# #.#
####.....# #.#
#.###### #.#
#......# #.#####
#### #......#
#...#P## ###..)#
#......##
#....#P####g'...#
#........
##....P.#.@##...#
#########
##.#P.#.### ####
###### ########
#....# #....#
##########....#
#.............####
#.................
#.............####
#[............#


You could see Crazy Yiuf (berserk).

Vanquished Creatures
  Ijyb (D:2)
  Jessica (D:2)
  4 adders (D:2)
  4 worms (D:2)
  2 dart slugs (D:2)
  2 leopard geckos (D:2)
  4 giant cockroaches
  7 goblins
  9 hobgoblins
  4 jackals (D:2)
  2 quokkas (D:2)
  6 bats
  2 frilled lizards
  5 kobolds
  2 rats (D:1)
  A bush (D:2)
56 creatures vanquished.

Notes
Turn   | Place    | Note
-------+----------+-------------------------------------------
     0 | D:1      | empire the Demonspawn Monk began the quest for the Orb.
     0 | D:1      | Reached XP level 1. HP: 18/18 MP: 1/1
   442 | D:1      | Gained mutation: You are slightly more attuned to the shadows. [demonic ancestry]
   442 | D:1      | Reached XP level 2. HP: 24/24 MP: 2/2
  1076 | D:2      | Gained mutation: When hurt, damage is shared between your health and your magic reserves. [demonic ancestry]
  1076 | D:2      | Reached XP level 3. HP: 29/29 MP: 3/3
  1386 | D:2      | Noticed Jessica
  1406 | D:2      | Killed Jessica
  1406 | D:2      | Gained mutation: You have large cloven feet. [demonic ancestry]
  1406 | D:2      | Reached XP level 4. HP: 26/35 MP: 4/4
  2439 | D:2      | Noticed Ijyb
  2442 | D:2      | Killed Ijyb
  2442 | D:2      | Reached XP level 5. HP: 41/41 MP: 5/5
  2837 | D:2      | Found a runed door.
  2841 | D:2      | Noticed Crazy Yiuf
  2849 | D:2      | HP: 1/41 [Crazy Yiuf/quarterstaff of chaos (11)]
  2853 | D:2      | Slain by Crazy Yiuf

Skill      XL: |  1  2  3  4  5 |
---------------+----------------+-----
Stealth        | 2 3 4 |  4.0
Short Blades   | 3 4 |  4.2
Fighting       | |  3.0
Dodging        | |  2.6

Action                   |  1- 3 |  4- 6 || total
-------------------------+-------+-------++-------
Melee: Short sword       |    25 |       ||    25
       Dagger            |    72 |   131 ||   203
       Kick              |       |    38 ||    38
  Use: Potion            |       |     2 ||     2
 Stab: Sleeping          |     9 |     6 ||    15
  Eat: Chunk             |     2 |     4 ||     6
Armor: Robe              |    13 |    10 ||    23
Dodge: Dodged            |    58 |    29 ||    87
